Map: Torri del crepuscolo

Players

ELGAND - Winner!

  • Race: Terran Terran
  • League: Gold

Jhyrachy

  • Race: Zerg Zerg
  • League: Silver

VOD

Have the link to the VOD?

Description

Time

  • Played on: April 5, 2016, 9:30 a.m.
  • Length: 9:17
Show
View Real Time Build Order
Export as new Build Order

ELGAND Terran - Winner!

Build Orders: Reaper Expand, MMM Bio 

Get SALT Encoding   

  12  0:01  SCV  
  13  0:13  SCV  
  14  0:18  Supply Depot  
  14  0:25  SCV  
  15  0:40  Barracks  
  15  0:45  SCV  
  15  0:46  Refinery  
  16  0:58  SCV  
  17  1:11  SCV  
  18  1:23  SCV  
  19  1:30  Reaper  
  20  1:37  Command Center  
  20  1:42  Orbital Command  
  20  1:54  Refinery  
  20  2:07  Factory  
  20  2:08  Marine  
  21  2:13  SCV  
  22  2:21  Supply Depot  
  22  2:25  SCV  
  23  2:43  SCV  
  24  2:54  SCV  
  24  2:55  SCV  
  26  2:59  Factory Reactor, Starport  
  26  3:01  Barracks Tech Lab  
  26  3:09  Orbital Command  
  26  3:10  SCV, Barracks  
  26  3:12  Barracks  
  27  3:20  Marine  
  28  3:28  Stimpack  
  28  3:29  SCV  
  29  3:41  SCV  
  30  3:43  SCV  
  31  3:50  Marine  
  31  3:53  SCV  
  31  3:55  SCV  
  34  4:08  Marine  
  35  4:16  SCV  
  36  4:18  Widow Mine x2  
  36  4:19  Starport Reactor  
  36  4:21  Barracks Reactor x2  
  36  4:24  Barracks  
  40  4:29  Marine, Supply Depot  
  40  4:30  Supply Depot  
  41  4:50  Refinery  
  41  4:53  Refinery  
  41  4:57  Engineering Bay  
  41  4:58  Widow Mine  
  41  4:59  Engineering Bay  
  45  5:00  Medivac  
  45  5:01  Medivac  
  45  5:03  Marauder  
  45  5:04  Marine  
  45  5:06  SCV  
  51  5:08  SCV  
  52  5:21  Marine  
  52  5:33  SCV x2  
  53  5:45  SCV x2  
  53  5:46  Marine  
  53  5:47  Marine x4, Supply Depot x2  
  53  5:49  Terran Infantry Weapons Level 1  
  60  5:51  Terran Infantry Armor Level 1  
  60  5:57  SCV  
  61  6:04  Marine  
  61  6:08  Marine x2  
  64  6:15  Marine x2  
  64  6:17  Medivac x2  
  70  6:22  Marine  
  70  6:23  Combat Shields  
  71  6:26  Marine x2  
  73  6:32  Marine  
  73  6:33  Marine  
  73  6:35  Command Center, SCV x2  
  77  6:40  Marine  
  78  7:04  Supply Depot  
  78  7:05  Supply Depot x2  
  78  7:18  Barracks Reactor  
  78  7:25  Widow Mine, Marine x2, Medivac x2  
  78  7:26  Widow Mine, Marine x3, SCV  
  85  7:54  Marine  
  85  7:55  Marine x6  
  92  8:12  Marine x6  
  93  8:13  Marine  
  98  8:37  Orbital Command  
  98  8:55  SCV x2  
  100  8:56  Armory  
Show
View Real Time Build Order
Export as new Build Order

Jhyrachy Zerg 

Build Orders: Hatch First 

Get SALT Encoding   

  12  0:02  Drone  
  13  0:11  Drone  
  14  0:25  Overlord  
  14  0:43  Drone x3  
  17  1:01  Drone  
  17  1:02  Hatchery  
  17  1:09  Extractor  
  17  1:11  Drone  
  17  1:16  Spawning Pool  
  16  1:20  Drone  
  17  1:35  Drone  
  18  1:40  Drone  
  19  1:49  Overlord  
  19  2:03  Queen  
  19  2:05  Zergling x2  
  22  2:10  Drone  
  23  2:23  Queen  
  23  2:26  Hatchery  
  23  2:28  Drone  
  23  2:47  Zergling x4  
  25  3:01  Drone x4  
  29  3:09  Metabolic Boost  
  29  3:19  Overlord  
  29  3:33  Drone x6  
  29  3:34  Drone  
  36  3:53  Extractor  
  34  3:59  Zergling x6  
  37  4:05  Queen  
  40  4:17  Drone x3  
  42  4:28  Queen  
  42  4:30  Drone  
  42  4:31  Drone x5  
  50  4:50  Spore Crawler  
  49  4:55  Spore Crawler  
  48  5:20  Drone  
  48  5:21  Drone  
  50  5:22  Overlord x3  
  50  5:23  Overlord x3  
  48  5:47  Spore Crawler  
  47  5:59  Extractor  
  47  6:00  Drone x2  
  47  6:01  Drone x4, Extractor  
  47  6:02  Drone x3  
  47  6:03  Drone x3  
  57  6:06  Drone x7  
  64  6:25  Evolution Chamber  
  63  6:28  Roach Warren  
  62  6:37  Spore Crawler  
  61  6:41  Evolution Chamber  
  58  7:09  Roach x10  
  58  7:10  Roach x9  
  58  7:11  Overlord x3  
  96  7:28  Lair  
  76  7:55  Roach x3  
  76  7:56  Roach x14  
  91  8:10  Spine Crawler x2  
  86  8:12  Spine Crawler  
  72  8:44  Overseer  
  72  8:45  Hatchery  
  71  8:54  Evolution Chamber  
  70  8:58  Evolution Chamber  
  70  9:01  Roach Warren  
Tags
 
Add a new tag
Caveats
  • Supply blocks, unpowered buildings, or Contaminate may cause inaccurate times.
  • Supply counts are checked every 10 seconds.